[Event "CZE-ch U14 Open 2023"]
[Site "Teplice"]
[Date "2023.03.16"]
[Round "7.6"]
[White "Hrbek, Jachym"]
[Black "Roubal, Matyas"]
[Result "0-1"]
[ECO "B20"]
[WhiteElo "1824"]
[BlackElo "1948"]
[Annotator "TA"]
[PlyCount "76"]
[EventDate "2023.03.09"]
[EventType "swiss"]
[EventCountry "CZE"]
[SourceTitle "playchess.com"]
[Source "ChessBase"]
[SourceQuality "1"]
[TimeControl "40/5400+30:1800+30"]

1. e4 c5 2. b4 cxb4 3. a3 Nf6 4. e5 Nd5 5. axb4 d6 6. Bb2 {[%emt 0:16:58] B20: Sicilian: Unusual White 2nd moves.} (6. Nf3 $11) 6... dxe5 $15 7. Bxe5 Nc6 {[%emt 0:00:25] [#] Inhibits c3.} 8. Bg3 $146 {[%emt 0:02:34] Black is better.} ({Predecessor:} 8. Nf3 Ndxb4 9. Na3 Bf5 10. Bc4 e6 11. O-O Nxe5 12. Nxe5 Bd6 13. Bb5+ Ke7 14. Nf3 {0-1 Prabhugaonkar,A (1574)-Mokal,A (2070) IND-chB (Women) 41st 2014 (11)}) 8... Ndxb4 (8... Ncxb4 9. Nf3 $15) 9. Na3 Bf5 {[%emt 0:04:08] Black is more active.} 10. Qf3 (10. Nf3 $17 {was necessary.}) 10... e6 {[%emt 0:16:43] Threatens to win with ...Nd4.} (10... Nxc2+ 11. Nxc2 Bxc2 12. Rc1 $17) 11. Bb5 a6 (11... Nxc2+ 12. Nxc2 Rc8 13. Ne3 $16) 12. Bxc6+ bxc6 ({Better is} 12... Nxc6 $19 13. Ne2 Rc8) 13. Ne2 (13. Qc3 $17 {was called for.}) 13... Be7 (13... Nxc2+ 14. Nxc2 Qd5 15. Qxd5 cxd5 16. Ncd4 $18) (13... Bxc2 $19 {White must now prevent ...Bd3.} 14. Nxc2 Nxc2+ 15. Kf1 Qd7) 14. O-O $17 c5 (14... Nxc2 $2 15. Nxc2 (15. Qxc6+ Kf8 $18) 15... O-O 16. Ncd4 $18 (16. Qxc6 Rc8 $17 {[%mdl 64] Skewer})) 15. d4 O-O ({Much worse is} 15... cxd4 $6 16. Nxd4 Qd5 17. Nxf5 exf5 18. Qe2 $11) (15... Nxc2 16. Nxc2 Bxc2 17. Rfc1 $16) 16. c3 {[%emt 0:00:43] [#]} (16. Rfd1 $17 {might work better.}) 16... Nd5 (16... Qd5 $1 $19 17. cxb4 Qxf3 18. gxf3 cxb4) 17. Rfd1 {[%emt 0:03:07] Repels Bd3} Qc8 18. c4 (18. Nc4 $17 {is a better defense.}) 18... Nf6 19. Qb3 (19. d5 $17) 19... cxd4 $19 20. Nxd4 Bg6 21. f3 Bc5 22. Bf2 e5 23. Ndc2 Bxf2+ ({Not} 23... Rb8 $2 24. Qc3 $19) 24. Kxf2 e4 {[%emt 0:00:45] And now ...exf3 would win.} 25. Ne3 $2 (25. Kg1) 25... exf3 {[%emt 0:00:04][%mdl 64] Deflection} 26. gxf3 Qh3 27. Nf1 Rab8 28. Qe3 Rfe8 {[%emt 0:01:19] White is weak on the light squares} 29. Qf4 Rb3 {[%emt 0:02:20][%cal Ob3f3] ( -> ...Rxf3+!)} 30. Rd2 Bh5 31. Kg1 Rxf3 32. Qd6 h6 {[%emt 0:02:00] Hoping for ...Ne4.} 33. Qxa6 Ng4 (33... Qg4+ $142 34. Ng3 Rxg3+ 35. hxg3 Qxg3+ 36. Rg2 Qe3+ 37. Rf2 Ne4 {[%mdl 64] Pin} 38. Qb6 Qxb6 {[%mdl 64] Pin} 39. Raa2 Nxf2 40. c5 Qxc5 41. Kg2 Re1 42. Kh2 Rh1+ 43. Kg3 Qg5+ 44. Kxf2 Qg1#) 34. Nb5 Ne3 {[%emt 0:00:31] Black mates.} 35. Nxe3 Rfxe3 36. Rdd1 {[%emt 0:00:47] [#]} Rg3+ $3 37. hxg3 Qxg3+ 38. Kf1 Be2# {[%emt 0:00:02] A superb game by Roubal.   Weighted Error Value: White=1.42/Black=0.53} 0-1

[Event "CZE-ch U14 Open 2023"]
[Site "Teplice"]
[Date "2023.03.16"]
[Round "7.7"]
[White "Hobza, Richard"]
[Black "Krautschneider, Daniel Jan"]
[Result "1/2-1/2"]
[ECO "D86"]
[WhiteElo "1702"]
[BlackElo "1679"]
[Annotator "NA RC COMBH"]
[PlyCount "61"]
[EventDate "2023.03.09"]
[EventType "swiss"]
[EventCountry "CZE"]
[SourceTitle "playchess.com"]
[Source "ChessBase"]
[SourceQuality "1"]
[TimeControl "40/5400+30:1800+30"]

1. d4 Nf6 2. c4 g6 3. Nc3 d5 4. cxd5 Nxd5 5. e4 Nxc3 6. bxc3 Bg7 7. Bc4 c5 8. Ne2 Nc6 9. Be3 cxd4 10. cxd4 Qa5+ 11. Qd2 Qxd2+ 12. Kxd2 O-O 13. Rhd1 Rd8 14. Ke1 b6 15. Rac1 Bb7 16. Bd5 Rac8 17. Bxc6 Rxc6 18. Rxc6 Bxc6 19. d5 Ba8 20. Rc1 e6 21. dxe6 Bxe4 22. exf7+ Kxf7 23. Rc7+ Kg8 24. f3 Bd5 25. Rxa7 b5 26. Kf2 b4 27. Bc5 b3 28. axb3 Bxb3 29. Be3 Re8 30. Rb7 Bc4 31. Rb4 1/2-1/2

[Event "CZE-ch U14 Open 2023"]
[Site "Teplice"]
[Date "2023.03.16"]
[Round "7.8"]
[White "Popov, Roman"]
[Black "Dusanek, Michal"]
[Result "1/2-1/2"]
[ECO "D84"]
[WhiteElo "2353"]
[BlackElo "1624"]
[Annotator "TA"]
[PlyCount "61"]
[EventDate "2023.03.09"]
[EventType "swiss"]
[EventCountry "CZE"]
[SourceTitle "playchess.com"]
[Source "ChessBase"]
[SourceQuality "1"]
[TimeControl "40/5400+30:1800+30"]

1. d4 Nf6 2. c4 g6 3. Nc3 d5 4. Bf4 Bg7 5. e3 O-O 6. cxd5 Nxd5 7. Nxd5 Qxd5 8. Bxc7 Na6 9. Bxa6 Qxg2 10. Qf3 Qxf3 11. Nxf3 bxa6 {[%emt 0:00:16] Black is weak on the dark squares} 12. Ke2 {[%emt 0:08:07] D84: Grünfeld: 4 Bf4 Bg7 5 e3 0-0 6 cxd5.} Bb7 13. Rhc1 Rac8 {[%emt 0:07:13] [#]} 14. Rc3 $146 {[%emt 0:06:28] White is slightly better.} ({Predecessor:} 14. Rc5 Rfe8 15. Rac1 Bf8 16. d5 Bg7 17. R1c2 f5 18. Nd2 a5 19. Rxa5 Be5 20. Bxe5 Rxc2 {1-0 Schick,A-Ahmadi,R East Lansing-ch MI op 1982}) 14... Rfe8 15. Rac1 e6 16. b4 (16. Bd6 $16) 16... Bf8 $14 17. a3 f6 18. Nd2 g5 19. Bg3 (19. Kd3 $14) 19... Rxc3 20. Rxc3 Rc8 21. Rxc8 Bxc8 {[%emt 0:00:02][%mdl 4096] Endgame KBB-KBN} 22. Ne4 Kf7 23. Bd6 {[%emt 0:03:02] Threatens to win with Bxf8.} Be7 (23... Bb7 $5 24. Bxf8 Bxe4 $14) 24. Bb8 Bb7 25. Ng3 {[%emt 0:01:50] [#]} ({White should try} 25. Nd6+ Bxd6 26. Bxd6) 25... a5 $1 $11 26. bxa5 a6 27. a4 Bc6 28. Bc7 {[%emt 0:02:05] Dodges Bd8} Bxa4 29. Ne4 Bb5+ 30. Kd1 h5 31. Nd6+ {[%emt 0:01:18] Weighted Error Value: White=0.18 (very precise) /Black=0.15 (very precise)} 1/2-1/2

[Event "CZE-ch U14 Open 2023"]
[Site "Teplice"]
[Date "2023.03.16"]
[Round "7.9"]
[White "Tichy, Tomas"]
[Black "Vlcek, Vojtech"]
[Result "1/2-1/2"]
[ECO "B17"]
[WhiteElo "1810"]
[BlackElo "1671"]
[Annotator "NA RC COMBH"]
[PlyCount "101"]
[EventDate "2023.03.09"]
[EventType "swiss"]
[EventCountry "CZE"]
[SourceTitle "playchess.com"]
[Source "ChessBase"]
[SourceQuality "1"]
[TimeControl "40/5400+30:1800+30"]

1. e4 c6 2. d4 d5 3. Nc3 dxe4 4. Nxe4 Nd7 5. Ng5 Ngf6 6. Bd3 e6 7. N1f3 h6 8. Ne4 (8. Nxe6 $5 Qe7 {[%mdl 64] Pin, Zwischenzug} 9. O-O fxe6 10. Bg6+ Kd8 11. Bf4 $11) 8... Nxe4 9. Bxe4 Nf6 10. Bd3 Bd6 11. O-O Qc7 12. c4 b6 13. a3 Bb7 14. b4 O-O (14... c5 $15 15. dxc5 bxc5) 15. h3 (15. c5 $14 {keeps the upper hand.} Bf4 16. Be3) 15... c5 16. dxc5 bxc5 17. Rb1 Nd7 (17... Rad8 $15 18. Qe2 Rfe8) 18. Qe2 e5 ({Black should try} 18... cxb4 $11 19. axb4 a5) 19. Be4 (19. Nh4 $1 $14) 19... Bxe4 20. Qxe4 Nb6 21. b5 f5 22. Qc2 $1 Rae8 (22... e4 $142 23. Nd2 Qe7) 23. Re1 e4 24. Nd2 Be5 (24... Nd7 $17) 25. Nf1 (25. a4 $1 $11 {remains equal.}) 25... Rd8 26. Bb2 ({Better is} 26. a4 $15) 26... Bxb2 27. Rxb2 Rd4 28. Nd2 Qf7 29. Qc1 Rfd8 30. Rc2 Rd3 31. Kh1 Qd7 (31... R8d4 $19 {has better winning chances.} 32. Re3 Rxe3 33. fxe3 Rd3) 32. Nf1 Qd4 33. Kg1 g5 34. g3 Qe5 35. Qa1 Qxa1 36. Rxa1 f4 37. Re1 R8d4 38. Rce2 Nxc4 39. Rxe4 Rxe4 40. Rxe4 Nxa3 41. Ra4 $17 (41. gxf4 $142 gxf4 42. Rxf4) 41... c4 42. gxf4 gxf4 43. Kg2 c3 44. Rxa3 c2 45. Rxd3 c1=Q 46. Rd8+ Kf7 47. Rd7+ Kf6 48. Rxa7 Qc5 49. Ra6+ Kg5 50. Nd2 Qxb5 51. Nf3+ 1/2-1/2

[Event "CZE-ch U14 Open 2023"]
[Site "Teplice"]
[Date "2023.03.16"]
[Round "7.10"]
[White "Veverka, Vladimir"]
[Black "Andrle, Filip"]
[Result "1/2-1/2"]
[ECO "E92"]
[WhiteElo "1735"]
[BlackElo "1721"]
[Annotator "NA RC COMBH"]
[PlyCount "71"]
[EventDate "2023.03.09"]
[EventType "swiss"]
[EventCountry "CZE"]
[SourceTitle "playchess.com"]
[Source "ChessBase"]
[SourceQuality "1"]
[TimeControl "40/5400+30:1800+30"]

1. d4 Nf6 2. c4 g6 3. Nc3 Bg7 4. Nf3 O-O 5. e4 d6 6. Be2 e5 7. dxe5 dxe5 8. Qxd8 Rxd8 9. Bg5 Re8 10. Nd5 Nxd5 11. cxd5 c6 12. Bc4 Bd7 13. O-O cxd5 14. Bxd5 Bc6 15. Rfd1 Bxd5 16. Rxd5 Nc6 17. Rd7 f6 18. Be3 Re7 19. Rad1 b6 20. Rxe7 Nxe7 21. Rd7 Kf7 22. Ne1 Ke6 23. Rc7 Kd6 24. Rc3 Rc8 25. Rxc8 Nxc8 26. Nc2 Kc6 27. b3 Bf8 28. f3 Bc5 29. Kf2 Nd6 30. Ke2 Bxe3 31. Kxe3 a5 32. Kd3 Kc5 33. Ne3 f5 34. Nd5 fxe4+ 35. fxe4 Ne8 36. g3 1/2-1/2

[Event "CZE-ch U14 Open 2023"]
[Site "Teplice"]
[Date "2023.03.16"]
[Round "7.11"]
[White "Soucek, Andrej"]
[Black "Macosek, Alex"]
[Result "1-0"]
[ECO "A83"]
[WhiteElo "1679"]
[BlackElo "1466"]
[Annotator "NA RC COMBH"]
[PlyCount "135"]
[EventDate "2023.03.09"]
[EventType "swiss"]
[EventCountry "CZE"]
[SourceTitle "playchess.com"]
[Source "ChessBase"]
[SourceQuality "1"]
[TimeControl "40/5400+30:1800+30"]

1. d4 f5 2. e4 fxe4 3. Nc3 Nf6 4. Bg5 Nc6 5. d5 Ne5 6. Qd4 d6 7. Nxe4 Nxe4 8. Qxe4 g6 9. f4 Bf5 10. Qd4 Nf7 11. O-O-O Rg8 12. Re1 h6 13. Bf6 a6 14. Nf3 Rc8 15. Qe3 c6 16. Nh4 cxd5 17. Nxf5 gxf5 18. g3 Rg6 19. Bd4 Qa5 20. Bd3 Ne5 21. fxe5 dxe5 22. Bxf5 Rgc6 23. Bxc8 exd4 24. Qxd4 Rxc8 25. Rhf1 Kd7 26. Rd1 e6 27. Rf7+ Be7 28. Qf6 Qc5 29. c3 Qe3+ 30. Kb1 Re8 31. Qd4 Qg5 32. Qa4+ b5 33. Qf4 Qg6+ 34. Ka1 Qc2 35. Qd2 Qxd2 36. Rxd2 Kd6 37. Kb1 Rc8 38. Kc2 b4 39. Kb3 bxc3 40. bxc3 Bg5 41. Re2 a5 42. h4 Bd8 43. Rh7 Bf6 44. Re3 Rb8+ 45. Kc2 Rc8 46. Rxh6 Be5 47. Rh5 Bd4 48. Rd3 Be5 49. g4 a4 50. Rg5 Rb8 51. Kd1 Bf4 52. Rg6 Rb2 53. Rd4 Be5 54. Rxa4 Bxc3 55. Ra6+ Kc5 56. Rgxe6 Rd2+ 57. Kc1 Rh2 58. h5 Kc4 59. Re3 Rh1+ 60. Kc2 Rh2+ 61. Kd1 Rd2+ 62. Kc1 d4 63. Ra4+ Kc5 64. Re5+ Kd6 65. Rg5 Rh2 66. Ra6+ Ke7 67. Rg7+ Kf8 68. Rb7 1-0

[Event "CZE-ch U14 Open 2023"]
[Site "Teplice"]
[Date "2023.03.16"]
[Round "7.12"]
[White "Srba, Daniel"]
[Black "Striz, Tadeas"]
[Result "1/2-1/2"]
[ECO "B40"]
[WhiteElo "1509"]
[BlackElo "1503"]
[Annotator "NA RC COMBH"]
[PlyCount "92"]
[EventDate "2023.03.09"]
[EventType "swiss"]
[EventCountry "CZE"]
[SourceTitle "playchess.com"]
[Source "ChessBase"]
[SourceQuality "1"]
[TimeControl "40/5400+30:1800+30"]

1. e4 c5 2. Nf3 e6 3. d4 cxd4 4. Nxd4 Nf6 5. Nc3 Nc6 6. Bg5 Be7 7. f4 Qb6 8. Nb3 h6 9. Bxf6 Bxf6 10. e5 Be7 11. Qd2 a6 12. O-O-O Nxe5 13. Ne4 Ng6 14. g3 d5 15. Nc3 Bd7 16. Bh3 Rc8 17. Rhe1 O-O 18. Nxd5 Qc6 19. Nxe7+ Nxe7 20. Bg2 Qc7 21. Bxb7 Qxb7 22. Qxd7 Rc7 23. Qd2 Rfc8 24. c3 a5 25. Nxa5 Qa6 26. c4 Nd5 27. Kb1 Nb6 28. Re4 Rd7 29. Rd4 Rxd4 30. Qxd4 Qxa5 31. b3 Ra8 32. Qb2 Qf5+ 33. Kc1 Qc5 34. Kb1 Rb8 35. Rc1 Nd7 36. Qc3 Nf6 37. Re1 Qf2 38. Qe5 Ra8 39. Qe2 Qc5 40. Qe5 Qa3 41. Qb2 Qc5 42. Qe5 Qa7 43. Qb2 Nd7 44. Rc1 Rb8 45. Rd1 Qb7 46. Qd4 Nf6 1/2-1/2

[Event "CZE-ch U14 Open 2023"]
[Site "Teplice"]
[Date "2023.03.17"]
[Round "8.1"]
[White "Stary, Vojtech"]
[Black "Juhanak, Daniel"]
[Result "1/2-1/2"]
[ECO "C01"]
[WhiteElo "1814"]
[BlackElo "1952"]
[Annotator "TA"]
[PlyCount "60"]
[EventDate "2023.03.09"]
[EventType "swiss"]
[EventCountry "CZE"]
[SourceTitle "playchess.com"]
[Source "ChessBase"]
[SourceQuality "1"]
[TimeControl "40/5400+30:1800+30"]

1. e4 e6 2. d4 d5 3. exd5 exd5 4. Nf3 Nf6 5. Bd3 Bd6 6. O-O O-O 7. Bg5 Bg4 8. c3 c6 9. Nbd2 Nbd7 10. Qc2 Qc7 11. Bh4 {[%emt 0:01:53] C01: French: Exchange Variation.} Bh5 12. Bg3 Bg6 13. Bxd6 Qxd6 14. Rfe1 Rfe8 15. Bxg6 {[%emt 0:02:25] [#] Threatens to win with Bd3.} hxg6 16. h3 {[%emt 0:05:35] [#]} Nh5 $146 ({Predecessor:} 16... Rxe1+ 17. Rxe1 Re8 18. Rxe8+ Nxe8 19. Qd1 Qe7 20. Qe1 {½-½ Dgebuadze,A (2562)-Gharamian,T (2560) Charleroi TIPC 2008 (9)}) 17. Rxe8+ (17. Ng5 {seems wilder.} Nf4 18. g3 Ne6 19. Ndf3) 17... Rxe8 {[%emt 0:00:29] The position is equal.} 18. Re1 Rxe1+ 19. Nxe1 Nf4 20. Nd3 Qf6 21. Nxf4 Qxf4 $11 {[%emt 0:00:01][%mdl 4096] Endgame KQN-KQN} 22. g3 Qf6 23. Kg2 Nb6 {[%emt 0:01:50] Repels Qa4} 24. b3 Nc8 25. Nf3 Nd6 26. Ne5 Ne4 27. f3 Nd6 28. Qd2 Qe6 29. h4 Nf5 30. Kf2 Ne7 {[%emt 0:05:17] An uneventful encounter.   Weighted Error Value: White=0.05 (flawless) /Black=0.05 (flawless)} 1/2-1/2

[Event "CZE-ch U14 Open 2023"]
[Site "Teplice"]
[Date "2023.03.17"]
[Round "8.2"]
[White "Martirosyan, David"]
[Black "Zelba, Lukas"]
[Result "0-1"]
[ECO "D31"]
[WhiteElo "1975"]
[BlackElo "1912"]
[Annotator "TA"]
[PlyCount "68"]
[EventDate "2023.03.09"]
[EventType "swiss"]
[EventCountry "CZE"]
[SourceTitle "playchess.com"]
[Source "ChessBase"]
[SourceQuality "1"]
[TimeControl "40/5400+30:1800+30"]

1. d4 d5 2. c4 e6 3. Nc3 Bb4 4. Nf3 dxc4 5. e3 b5 6. a4 c6 7. Bd2 a5 8. axb5 Bxc3 9. Bxc3 cxb5 10. b3 Bb7 11. bxc4 b4 12. Bb2 Nf6 13. Bd3 Nbd7 {[%emt 0:04:39] 13...0-0 is the modern continuation.} 14. O-O Qc7 {[%emt 0:02:56] D31: Queen's Gambit Declined: Semi-Slav without ...Nf6 (+ Marshall Gambit and Noteboom) and Exchange Variation lines without ...Nf6.} 15. Re1 Ne4 {[%emt 0:07:51] [#]} (15... Be4 $11) 16. Nd2 $146 (16. d5 $16 Nef6 17. e4) ({Predecessor:} 16. Qc2 f5 17. d5 exd5 18. Nd4 Ne5 19. Ne6 Qd7 20. cxd5 Rc8 21. Qe2 Qxd5 22. Nf4 {1-0 Czopor,M (2415)-Marn,J (2282) EU-chT U18 Thessaloniki 2022 (2.5)}) 16... Ndf6 (16... Nxf2 $2 17. Kxf2 O-O 18. Kg1 $18 (18. Qh5 f5 $16)) (16... Nxd2 $11 17. Qxd2 O-O) 17. Nxe4 (17. Nf1 $14) 17... Nxe4 (17... Bxe4 $11 18. Bxe4 Nxe4) 18. c5 (18. d5 $16 Nf6 19. e4) 18... O-O $1 $11 19. f3 Nf6 20. Qc2 Bc6 21. e4 a4 22. e5 Nd5 {[%emt 0:03:11] ...h6 is the strong threat.} 23. Bxh7+ Kh8 {[%emt 0:00:37] And now ...b3 would win.} 24. Re4 $2 f5 $2 (24... Kxh7 $2 {leads to mate.} 25. Rh4+ Kg8 26. Qh7#) ({Black should try} 24... Qe7 $19 {Strongly threatening ...b3.} 25. g3 g5) 25. exf6 $1 {[%emt 0:08:14][%mdl 64] [#] Discovered Attack} Rxf6 {[%emt 0:01:33] ...Rh6 would be deadly.} 26. Rh4 {[%emt 0:04:11] Hoping for Bc1.} g5 27. Rh5 (27. Rh3 $1 $11) 27... Nf4 $36 {[%emt 0:01:00][%mdl 2048] Black fights for an advantage. Dancing on a razor blade.} 28. d5 (28. Bg6+ $11 Nxh5 29. d5) 28... Nxh5 $17 29. Qg6 {[%emt 0:00:48][%mdl 8192] This move loses the game for White.} (29. Bg6 $17 a3 30. dxc6) 29... Qxh7 $19 30. Bxf6+ Nxf6 {[%emt 0:00:09][%mdl 64] [#] Remove Defender} 31. Qxf6+ Qg7 32. Qxg7+ Kxg7 33. dxc6 b3 34. c7 b2 {[%emt 0:00:13] An entertaining game by Zelba.   Weighted Error Value: White=1.61/Black=0.37} 0-1

[Event "CZE-ch U14 Open 2023"]
[Site "Teplice"]
[Date "2023.03.17"]
[Round "8.3"]
[White "Ocelak, David"]
[Black "Jasso, Matej"]
[Result "1/2-1/2"]
[ECO "B54"]
[WhiteElo "1608"]
[BlackElo "1934"]
[Annotator "TA"]
[PlyCount "60"]
[EventDate "2023.03.09"]
[EventType "swiss"]
[EventCountry "CZE"]
[SourceTitle "playchess.com"]
[Source "ChessBase"]
[SourceQuality "1"]
[TimeControl "40/5400+30:1800+30"]

1. e4 c5 2. Nf3 d6 3. d4 cxd4 4. Nxd4 Nf6 5. f3 a6 6. c4 g6 7. Nc3 Bg7 8. Be3 O-O 9. Be2 Nc6 10. O-O Qc7 11. Rc1 {White is more active.} Nxd4 {B38: Sicilian: Maroczy Bind with 5...Bg7 and 7...0-0.} 12. Bxd4 Bd7 13. Nd5 (13. Qd2 $14) 13... Nxd5 $11 14. cxd5 {[#]} Bxd4+ $146 ({Predecessor:} 14... Qd8 15. Bxg7 Kxg7 16. Qd4+ Kg8 17. Rc3 Rc8 18. Rfc1 Qa5 19. a3 Rxc3 20. Qxc3 Qb6+ {0-1 Chichikina,V-Makeeva,T Penza op U16 Girls 2006 (2)}) 15. Qxd4 Qa5 16. a3 Rfc8 {The position is equal.} 17. Qe3 Rxc1 18. Rxc1 Rc8 19. Rxc8+ Bxc8 {[%mdl 4096] Endgame KQB-KQB} 20. Kf1 {Prevents Qe1+.} Bd7 21. Qc3 Qxc3 22. bxc3 {KB-KB} g5 23. Ke1 Kg7 24. Kd2 f5 25. exf5 Kf6 26. Ke3 Ke5 27. g4 h6 28. c4 Ba4 29. Bd3 Bd1 30. Bf1 Bb3 {Weighted Error Value: White=0.08 (flawless) /Black=0.00 (flawless)} 1/2-1/2

[Event "CZE-ch U14 Open 2023"]
[Site "Teplice"]
[Date "2023.03.17"]
[Round "8.4"]
[White "Babula, Matej"]
[Black "Zemek, Antonin"]
[Result "1-0"]
[ECO "C43"]
[WhiteElo "1796"]
[BlackElo "1739"]
[Annotator "NA RC COMBH"]
[PlyCount "71"]
[EventDate "2023.03.09"]
[EventType "swiss"]
[EventCountry "CZE"]
[SourceTitle "playchess.com"]
[Source "ChessBase"]
[SourceQuality "1"]
[TimeControl "40/5400+30:1800+30"]

1. e4 e5 2. Nf3 Nf6 3. d4 Nxe4 4. dxe5 Nc5 5. Bc4 Be7 6. O-O O-O 7. Nc3 d6 8. exd6 cxd6 9. Nd5 Be6 10. Bf4 Bxd5 11. Bxd5 Nc6 12. Re1 Ne6 13. Bg3 Qd7 14. c3 Rae8 15. Qd2 Nc7 16. Bb3 Rd8 17. Rad1 h6 18. Nd4 Rfe8 19. Qf4 Bf6 20. Nf5 Rxe1+ 21. Rxe1 Re8 22. Rxe8+ Qxe8 23. h3 Qe1+ 24. Kh2 Be5 25. Nxh6+ Kh7 26. Bc2+ Kh8 27. Nxf7+ Kg8 28. Nxe5 Nxe5 29. Bb3+ Kh7 30. Qf5+ g6 31. Qf8 Qd2 32. Bg8+ Kh8 33. Be6+ Kh7 34. Qg8+ Kh6 35. Qh8+ Kg5 36. h4# 1-0

[Event "CZE-ch U14 Open 2023"]
[Site "Teplice"]
[Date "2023.03.17"]
[Round "8.5"]
[White "Roubal, Matyas"]
[Black "Topencik, Bruno"]
[Result "1/2-1/2"]
[ECO "C02"]
[WhiteElo "1948"]
[BlackElo "1844"]
[Annotator "TA"]
[PlyCount "141"]
[EventDate "2023.03.09"]
[EventType "swiss"]
[EventCountry "CZE"]
[SourceTitle "playchess.com"]
[Source "ChessBase"]
[SourceQuality "1"]
[TimeControl "40/5400+30:1800+30"]

1. e4 e6 2. d4 d5 3. e5 c5 4. c3 Nc6 5. Nf3 Nge7 6. Na3 cxd4 7. cxd4 Nf5 8. Nc2 Nb4 9. Nxb4 {[%emt 0:01:28] C02: French: Advance Variation.} Bxb4+ 10. Bd2 Bxd2+ 11. Qxd2 {[%emt 0:00:10] White is slightly better.} Bd7 {[%emt 0:02:10] [#]} 12. Rc1 $146 ({Predecessor:} 12. Bd3 Nh4 13. Nxh4 Qxh4 14. Qe3 O-O 15. O-O f6 16. g3 Qh5 17. exf6 Rxf6 18. f4 {1-0 Shabalov,A (2556)-Ampie,M (2327) Chicago op 26th 2017 (6)}) 12... Qb6 13. Rc5 O-O 14. Bd3 Ne7 15. b4 {[%emt 0:03:43] Black is weak on the dark squares} Rfc8 16. O-O Qd8 17. Rfc1 b6 (17... a6 $11) 18. R5c2 {[%emt 0:02:45] White has more active pieces.} Qe8 19. Qe2 (19. Rxc8 $14 Rxc8 20. Rxc8 Nxc8 21. Qc3) 19... Rxc2 20. Rxc2 Rc8 (20... Ba4 $5 21. Rc1 (21. Rc7 Rc8 $11) 21... Rc8 $11) 21. Ba6 Rxc2 22. Qxc2 Qd8 (22... Ba4 $11 23. Qc7 Nc6) 23. Bd3 $14 h6 24. b5 Qc8 {[%emt 0:01:07] Threatens to win with ...Qxc2.} 25. Qb2 Be8 26. Ne1 f6 27. f4 fxe5 28. fxe5 Bg6 29. Bxg6 Nxg6 30. Qc2 Qxc2 31. Nxc2 $11 {[%emt 0:00:34][%mdl 4096] Endgame KN-KN} Kf7 32. g3 Ne7 33. Kf2 Ke8 34. Kf3 g6 35. Nb4 Kd7 36. Ke3 Kd8 37. Kd3 Kc7 38. Nc2 Kd7 39. Ne3 Ke8 40. Ng4 Ng8 41. Ke3 Kf7 (41... h5 $5 42. Nf2 Nh6 $11) 42. Nf2 Ne7 43. Kd3 Ke8 44. Nh3 Kf7 45. Nf4 Nf5 46. Ng2 (46. g4 $5 Ne7 47. Kd2 $14) 46... Ne7 47. Ne3 Ke8 48. Ng4 Ng8 49. Ke3 Kf7 50. Kf4 Ke7 (50... g5+ $11 51. Kf3 Ne7) 51. h4 $16 Kf7 52. Nh2 (52. Nf2 $1 $16) 52... Ne7 {[%emt 0:00:27] [#]} (52... h5 $1 $11) 53. Nf3 ({Better is} 53. g4 $1 $16) 53... Nf5 $11 54. g4 Ne7 (54... Ng7 $1 $11 {remains equal.}) 55. Ng1 $16 Ke8 56. Nh3 Kf7 57. Kf3 Ke8 58. Nf4 Kf7 59. Kg3 Nc8 60. Kf2 Ne7 61. Ke2 ({White should play} 61. h5 $16) 61... Nc8 (61... h5 $11 {keeps the balance.}) 62. Kd2 (62. h5 $16 g5 63. Nd3) 62... Ne7 {[%emt 0:00:12] [#]} (62... g5 $14) 63. Kc2 (63. h5 $1 $16) 63... Nc8 (63... h5 $11 64. gxh5 gxh5) 64. Kc3 (64. h5 $16 gxh5 65. Nxh5) 64... Ne7 $11 65. Kb3 Nc8 66. Nd3 Ke7 67. Ka4 Ke8 68. Kb4 Ke7 (68... Ne7 $11) 69. a4 $16 {[%emt 0:00:02][%cal Ba2a4,Ba4a5][%mdl 32] White is better.} Ke8 70. a5 Ke7 71. Nf4 {[%emt 0:03:13] Weighted Error Value: White=0.12 (very precise) /Black=0.16 (very precise)} 1/2-1/2

[Event "CZE-ch U14 Open 2023"]
[Site "Teplice"]
[Date "2023.03.17"]
[Round "8.6"]
[White "Hobza, Richard"]
[Black "Popov, Roman"]
[Result "0-1"]
[ECO "A06"]
[WhiteElo "1702"]
[BlackElo "2353"]
[Annotator "TA"]
[PlyCount "98"]
[EventDate "2023.03.09"]
[EventType "swiss"]
[EventCountry "CZE"]
[SourceTitle "playchess.com"]
[Source "ChessBase"]
[SourceQuality "1"]
[TimeControl "40/5400+30:1800+30"]

1. Nf3 d5 2. g3 c6 3. Bg2 Bf5 4. O-O e6 5. d4 h6 6. c3 {[%emt 0:03:52] A07: Réti Opening: New York and Capablanca Systems.} Nf6 7. Re1 Be7 8. Qb3 {[%emt 0:05:33] The position is equal.} Qb6 9. Nbd2 O-O 10. Ne5 c5 {[%emt 0:22:48] [#]} 11. dxc5 $146 ({Predecessor:} 11. Qxb6 axb6 12. e4 dxe4 13. Nxe4 cxd4 14. Nxf6+ gxf6 15. Nc4 b5 16. Nb6 Ra6 17. Nd5 {0-1 Kubrican,A (1862)-Mudrak,J (2196) SVK-ch Amateurs 2021 (1)}) 11... Bxc5 12. Nd3 Nbd7 13. Qxb6 Bxb6 14. Nf3 Rfe8 15. Bf4 Ne4 16. Kf1 f6 17. Nd4 Bg6 18. f3 Nec5 $36 {[%emt 0:01:13][%mdl 2048] White is under pressure.} 19. Nxc5 Nxc5 20. Nb3 Na4 21. Bc1 e5 {[%emt 0:01:26] Black has more active pieces. The white rooks are badly placed.} 22. e4 {[%emt 0:00:58] [#]} (22. f4 $17 {was worth a try.}) 22... Rad8 $1 $19 23. Rb1 dxe4 24. fxe4 Bf7 (24... Rd3 $19 {Hoping for ...Red8.} 25. Re2 Bf7) 25. Be3 Bc4+ 26. Kf2 Bd3 {[%emt 0:01:06] Repels Bf1} 27. Bxb6 axb6 ({Stronger than} 27... Nxb6 28. Rbd1 $17) 28. Rbd1 Nxb2 29. Rd2 Nc4 30. Rdd1 Rd6 31. Bf1 Bxf1 32. Rxd6 Nxd6 33. Kxf1 {[%emt 0:00:03][%mdl 4096] Endgame KRN-KRN} Ra8 34. Re2 Rc8 35. Rd2 (35. Re3 $142) 35... Nxe4 36. Rd7 Nxc3 37. Rxb7 b5 (37... Nxa2 $2 38. Rxb6 Rc2 39. h3 $19) 38. Na5 Ra8 (38... Nxa2 $2 {loses.} 39. Rxb5 Rc2 40. h4 $19) 39. Nc6 Rxa2 40. Ne7+ Kh7 41. Nf5 Ra1+ 42. Kg2 {[%emt 0:00:24] [#]} Kg6 (42... h5 $1 $19 43. Rxg7+ Kh8) 43. Nh4+ $1 $11 Kh7 $2 (43... Kh5 $11 44. Rxg7 Ra4) 44. Nf5 $19 Ra2+ $2 (44... h5 $19 45. Rxg7+ Kh8) 45. Kh3 $2 (45. Kf1 $1 $11 {and White has nothing to worry.}) 45... Ne4 46. Rxg7+ Kh8 {[%emt 0:00:00] White must now prevent ...Ng5+.} 47. Rg6 (47. g4) 47... h5 {[%emt 0:00:00] Black is clearly winning.} 48. Rh6+ Kg8 {[%emt 0:00:00] ( -> ...Ng5+)} 49. Rxh5 Ng5+ {[%emt 0:00:00] Weighted Error Value: White=0.42/Black=0.24 (precise)} 0-1